 Dungeon Crawl Stone Soup version 0.20.1-1-g8b1a95d (webtiles) character file.

706 dohliylev the Covert (level 7, 0/51 HPs)
             Began as a Vampire Assassin on July 8, 2017.
             Killed from afar by an orc wizard (10 damage)
             ... with a magic dart
             ... on level 5 of the Dungeon.
             The game lasted 00:20:01 (4234 turns).

dohliylev the Covert (Vampire Assassin)             Turns: 4234, Time: 00:20:02

Health: 0/51       AC:  0    Str: 10    XL:     7   Next: 39%
Magic:  5/7        EV: 21    Int: 14    God:
Gold:   338        SH:  0    Dex: 22    Spells: 1/6 levels left

rFire    . . .     SeeInvis +   (weapon currently unavailable)
rCold    . . .     Gourm    .   (shield currently unavailable)
rNeg     + . .     Faith    .   (armour currently unavailable)
rPois    .         Spirit   .   (helmet currently unavailable)
rElec    .         Reflect  .   (cloak currently unavailable)
rCorr    .         Harm     .   (gloves currently unavailable)
MR       .....                  (boots currently unavailable)
Stlth    +++++++...             (no amulet)
Regen    0.2/turn               (ring currently unavailable)
MPRegen  0.1/turn               (ring currently unavailable)

@: bat-form, flying, very quick
A: fangs 3, see invisible
a: End Transformation


You were on level 5 of the Dungeon.
You were not thirsty.
You were in vampire-bat-form.
You visited 1 branch of the dungeon, and saw 5 of its levels.

You collected 338 gold pieces.

Inventory:

Hand Weapons
 a - a +2 dagger
 b - a +0 blowgun
 j - a +4 short sword (melded)
Missiles
 e - 22 poisoned needles
 f - 2 curare-tipped needles
 B - 3 tomahawks of returning (quivered)
Armour
 c - a +0 robe (melded)
 d - a +0 cloak (melded)
 v - a +1 pair of boots (melded)
Jewellery
 l - a ring of flight (melded)
 A - a ring of stealth (melded)
Wands
 y - a wand of acid (2/15)
 D - a wand of iceblast (3/15)
Scrolls
 h - 4 scrolls of identify {unknown}
 i - 3 scrolls of random uselessness {unknown}
 k - 3 scrolls of remove curse {unknown}
 m - 5 scrolls of teleportation {unknown}
 q - 2 scrolls of fear {unknown}
 r - 3 scrolls of magic mapping {unknown}
 s - a scroll of amnesia {unknown}
 u - 3 scrolls of noise {unknown}
 w - 2 scrolls of immolation {unknown}
 G - a scroll of enchant weapon {unknown}
 I - 2 scrolls of fog {unknown}
Potions
 g - 19 potions of blood
 n - 3 potions of curing
 o - 2 potions of invisibility {unknown}
 p - 5 potions of heal wounds
 t - 2 potions of might {unknown}
 x - 3 potions of lignification {unknown}
 z - a potion of degeneration {unknown}
 E - a potion of haste {unknown}
 H - 2 potions of flight {unknown}
Books
 C - a book of Maledictions

   Spells                             Type                      Level
   a - Corona                         Hexes                        1
   b - Ensorcelled Hibernation        Hexes/Ice                    2
   c - Confuse                        Hexes                        3
   d - Tukima's Dance                 Hexes                        3
   e - Dazzling Spray                 Conjuration/Hexes            3
 F - a book of Cantrips

   Spells                             Type                      Level
   a - Confusing Touch                Hexes                        1
   b - Animate Skeleton               Necromancy                   1
   c - Summon Small Mammal            Summoning                    1
   d - Apportation                    Translocation                1


   Skills:
 + Level 2.8 Fighting
 + Level 5.7 Short Blades
 + Level 2.1 Throwing
 + Level 2.5 Dodging
 + Level 9.8 Stealth
 + Level 0.3 Spellcasting
 + Level 0.4 Hexes
 + Level 0.2 Ice Magic
 + Level 0.1 Evocations


You had one spell level left.
You knew the following spells:

 Your Spells              Type           Power        Failure   Level  Hunger
a - Ensorcelled Hibernat  Hex/Ice        #.....       36%         2    ###....
b - Tukima's Dance        Hex            #.......     58%         3    ####...


Dungeon Overview and Level Annotations

Branches:
Dungeon (5/15)
 Temple: D:4-7

Altars:
Ashenzari
Gozag
Hepliaklqana
Makhleb
Ru
Uskayaw
Zin

Shops:
D:4 **


Innate Abilities, Weirdness & Mutations

You have razor-sharp teeth.
You have supernaturally acute eyesight. (SInv)
((You can survive without breathing.))


Message History

The puff of flame hits you!
* * * LOW HITPOINT WARNING * * *
The orc wizard hits you but does no damage.
The orc wizard points at you and mumbles some strange words.
The magic dart hits you!
* * * LOW HITPOINT WARNING * * *
The orc wizard completely misses you.
You see here a ring mail.
There is an open door here.
You turn into a vampire bat.
Your +4 short sword melds into your body.
Your +0 cloak melds into your body.
Your +1 pair of boots melds into your body.
Your +0 robe melds into your body.
Your ring of flight melds into your body.
Your ring of stealth melds into your body.
The orc wizard misses you.
The orc wizard points at you and mumbles some strange words.
The magic dart hits you!
You die...

#...........#...#
#######.....#...#
##...##....##..##
#....##....##..##
#....##....##...#
#########...#...)......#
#######.......#...'.....##..##
..#...........#...#.....##..##
..#..........oo.b.#.....'....#
..#..........o#...##....##[..#
..#...........#...##....##...#
###..........o#...##..%.#....#
...#+##.......#...#.....#....#
...#..#.......#...#.....#....#
...#..#.......######....#....#
...'..#.......#...##....#....#
...#..#.......#..[#.....#....#


You could see an orc wizard and 2 orcs.

Vanquished Creatures
  A phantom (D:5)
  A scorpion (D:4)
  3 howler monkeys
  A crimson imp (D:3)
  A hound (D:4)
  2 orc wizards (D:5)
  A worker ant (D:4)
  Natasha (thrice) (D:4)
  3 gnolls
  8 adders
  An ooze (D:3)
  A worm (D:2)
  9 dart slugs
  4 leopard geckos
  12 orcs
  4 giant cockroaches
  11 goblins
  14 hobgoblins
  3 jackals (D:5)
  2 quokkas
  A ball python (D:2)
  10 bats
  2 frilled lizards
  A kobold (D:2)
  11 rats
110 creatures vanquished.

Notes
Turn   | Place    | Note
-------+----------+-------------------------------------------
     0 | D:1      | dohliylev the Vampire Assassin began the quest for the Orb.
     0 | D:1      | Reached XP level 1. HP: 16/16 MP: 1/1
    55 | D:1      | Reached skill level 6 in Stealth
   132 | D:1      | Reached XP level 2. HP: 10/22 MP: 2/2
   620 | D:2      | Reached skill level 7 in Stealth
   817 | D:2      | Reached XP level 3. HP: 27/27 MP: 3/3
  1226 | D:2      | Reached XP level 4. HP: 33/33 MP: 4/4
  1549 | D:2      | Reached skill level 8 in Stealth
  1972 | D:3      | Reached XP level 5. HP: 36/38 MP: 5/5
  2285 | D:3      | Found a shattered altar of Ashenzari.
  2414 | D:4      | Noticed Natasha
  2421 | D:4      | Killed Natasha
  2450 | D:4      | Learned a level 2 spell: Ensorcelled Hibernation
  2487 | D:4      | Reached XP level 6. HP: 37/46 MP: 1/6
  2541 | D:4      | Found Gozag's Platinum Reserve.
  2583 | D:4      | Found a glowing silver altar of Zin.
  2584 | D:4      | Found a hazy altar of Hepliaklqana.
  2649 | D:4      | Found Ewkebyfe's General Store.
  2714 | D:4      | Reached skill level 9 in Stealth
  2758 | D:4      | Found an opulent altar of Gozag.
  2758 | D:4      | Noticed Natasha
  2779 | D:4      | Killed Natasha
  3115 | D:4      | Found a sacrificial altar of Ru.
  3121 | D:4      | Found a hide-covered altar of Uskayaw.
  3121 | D:4      | Noticed Natasha
  3140 | D:4      | Killed Natasha
  3180 | D:5      | Entered Level 5 of the Dungeon
  3345 | D:5      | Reached skill level 5 in Short Blades
  3345 | D:5      | Reached XP level 7. HP: 33/51 MP: 7/7
  3781 | D:5      | Learned a level 3 spell: Tukima's Dance
  3830 | D:5      | Found a burning altar of Makhleb.
  4234 | D:5      | Killed from afar by an orc wizard

Skill      XL: |  1  2  3  4  5  6 |
---------------+-------------------+-----
Stealth        | 6 7 8 9 |  9.8
Fighting       | 2 |  2.8
Short Blades   | 3 4 5 |  5.7
Dodging        | 2 |  2.5
Throwing       | 2 |  2.1
Spellcasting   | |  0.3
Hexes          | |  0.4
Ice Magic      | |  0.2
Evocations     | |  0.1

Action                   |  1- 3 |  4- 6 |  7- 9 || total
-------------------------+-------+-------+-------++-------
Melee: Short sword       |    58 |   158 |    45 ||   261
       Dagger            |     2 |    11 |     9 ||    22
       Bite              |     2 |     9 |     4 ||    15
 Fire: Blowgun           |       |     8 |    25 ||    33
 Abil: Bat Form          |       |     6 |     1 ||     7
       End Transformatio |       |     6 |       ||     6
       Evoke Flight      |       |       |     1 ||     1
  Use: Potion            |       |    11 |       ||    11
 Stab: Sleeping          |    15 |    23 |     2 ||    40
       Distracted        |     2 |       |       ||     2
  Eat: Corpse            |     1 |     1 |       ||     2
Armor: Robe              |     6 |    35 |     9 ||    50
Dodge: Dodged            |    21 |    78 |    38 ||   137
